 Dungeon Crawl Stone Soup version 0.32-a0-516-g94ed278cf8 (webtiles) character file.

Game seed: 16428768123072963448

5689 Essalna the Geomancer (level 10, 0/64 HPs)
             Began as a Gargoyle Earth Elementalist on Feb 27, 2024.
             Was a Priest of Vehumet.
             Slain by a fire elemental (10 damage)
             ... on level 9 of the Dungeon.
             The game lasted 00:15:39 (7208 turns).

Essalna the Geomancer (Gargoyle Earth Elementalist) Turns: 7208, Time: 00:15:39

Health: 0/64       AC: 20    Str: 12    XL:     10   Next: 75%
Magic:  15/16      EV: 12    Int: 20    God:    Vehumet [***...]
Gold:   481        SH:  6    Dex: 10    Spells: 13/17 levels left

rFire   . . .        F - +4 scimitar (flame)
rCold   . . .        z - +2 buckler
rNeg    + . .        C - +0 steam dragon scales
rPois   ∞            o - +0 helmet
rElec   +            c - +0 cloak
rCorr   .            (no gloves)
SInv    .            s - +0 pair of boots
Will    .....        (no amulet)
Stlth   ++           l - +4 ring of protection
HPRegen 0.30/turn    v - ring of wizardry
MPRegen 0.15/turn

%: wizardry (x1)
@: about to teleport
A: sickness immunity, AC +7, negative energy resistance 1, electricity
resistance, torment resistance 1, petrification resistance
a: Renounce Religion


You were on level 9 of the Dungeon.
You worshipped Vehumet.
Vehumet was most pleased with you.
You visited 1 branch of the dungeon, and saw 9 of its levels.

You collected 481 gold pieces.

Inventory:

Hand Weapons
 m - a +0 short sword
 F - a +4 scimitar of flaming (weapon)
Armour
 a - a +0 robe
 c - a +0 cloak (worn)
 o - a +0 helmet (worn)
 s - a +0 pair of boots (worn)
 z - a +2 buckler (worn)
 C - +0 steam dragon scales (worn)
Jewellery
 l - a +4 ring of protection (left hand)
 v - a ring of wizardry (right hand)
 x - an amulet of faith
 B - a +6 ring of dexterity
 E - an amulet of guardian spirit
 G - a ring of positive energy
 J - a ring of resist corrosion
Wands
 D - a wand of charming (10)
Scrolls
 d - 3 scrolls of immolation
 e - a scroll of enchant weapon
 i - 3 scrolls of noise
 k - 2 scrolls of teleportation
 q - 2 scrolls of fog
 y - a scroll of poison {unknown}
 A - a scroll of silence
 H - 4 scrolls of fear {unknown}
 I - 2 scrolls of identify
Potions
 b - 2 potions of magic
 f - 5 potions of lignification {unknown}
 g - a potion of enlightenment {unknown}
 h - a potion of ambrosia {unknown}
 j - a potion of heal wounds {unknown}
 n - 5 potions of curing {unknown}
 p - a potion of degeneration {unknown}
 r - 2 potions of mutation {unknown}
 t - a potion of cancellation {unknown}
 u - a potion of attraction {unknown}
 w - a potion of haste {unknown}


   Skills:
 + Level 8.2 Fighting
 + Level 4.5 Armour
 + Level 3.8 Dodging
 - Level 2.1 Stealth
 - Level 4.0 Shields
 - Level 4.0 Spellcasting
 - Level 8.0 Conjurations
 + Level 10.7 Earth Magic


You had 13 spell levels left.
You knew the following spells:

 Your Spells              Type           Power      Damage    Failure   Level
a - Sandblast             Erth           94%        2d19      1%          1
b - Stone Arrow           Conj/Erth      82%        3d12      1%          3

Your spell library contained the following spells:

 Spells                   Type           Power      Damage    Failure   Level
 Mephitic Cloud           Conj/Alch/Air  14%        N/A       2%          3
 Momentum Strike          Conj/Tloc      40%        3d9       1%          2
 Static Discharge         Conj/Air       40%        3-5/arc   1%          2
 Dazzling Flash           Conj/Hex       40%        N/A       1%          3
 Passwall                 Erth           47%        N/A       1%          3
 Brom's Barrelling Bould  Conj/Erth      41%        2d6       1%          4
 Volatile Blastmotes      Fire/Tloc      8%         2d10      5%          3
 Petrify                  Alch/Erth      25%        N/A       8%          4
 Blink                    Tloc           8%         N/A       11%         2
 Lesser Beckoning         Tloc           8%         N/A       11%         2
 Airstrike                Air            2%         2d(1-17)  16%         4
 Starburst                Conj/Fire      10%        6d5       41%         6
 Summon Lightning Spire   Summ/Air       4%         N/A       52%         4
 Maxwell's Capacitive Co  Air            2%         ∞         99%         8


Dungeon Overview and Level Annotations

Branches:
Dungeon (9/15)             Temple (0/1) D:5            Lair (0/5) D:8
    Orc: D:9-12

Altars:
Fedhas
Kikubaaqudgha
Makhleb
Uskayaw
Vehumet
Zin

Shops:
D:5 :   D:6 (   D:7 ?

Annotations:
D:8 Jeremiah


Innate Abilities, Weirdness & Mutations

You are immune to sickness and miasma.
Your stone body is resilient. (AC +7)
You are immune to poison.
You resist negative energy. (rN+)
You are resistant to electric shocks. (rElec)
You are resistant to unholy torment.
You are immune to petrification.


Message History

Aiming: Sandblast (safe; 1% risk of failure)
Press: ? - help, Shift-Dir - straight line, f/p - fire bat
Aim: a fire bat (severely wounded, 77% to hit)
The blast of sand misses the fire bat.
The fire bat bites you but does no damage. x2
The fire bat bites you.
You are engulfed in flames!
The fire bat bites you but does no damage.
The fire bat misses you.
Casting: Sandblast (safe; 1% risk of failure)
Confirm with . or Enter, or press ? or * to list all spells.
Aiming: Sandblast (safe; 1% risk of failure)
Press: ? - help, Shift-Dir - straight line, f/p - fire bat
Aim: a fire bat (severely wounded, 77% to hit)
The blast of sand hits the fire bat!!
You kill the fire bat!
Vehumet accepts your kill.
You feel your power returning. The fire bat misses you.
You block the fire bat's attack. x2; The fire elemental hits you.
The fire elemental burns you!
Casting: Sandblast (safe; 1% risk of failure)
Confirm with . or Enter, or press ? or * to list all spells.
Aiming: Sandblast (safe; 1% risk of failure)
Press: ? - help, Shift-Dir - straight line, f/p - fire bat
Aim: a fire bat (heavily wounded, 77% to hit)
The blast of sand hits the fire bat!!
You kill the fire bat!
Vehumet accepts your kill. The fire bat closely misses you.
The fire bat bites you but does no damage.
The fire elemental hits you. The fire elemental burns you!
The fire bat bites you but does no damage.
You block the fire elemental's attack.
As you read the scroll of teleportation, it crumbles to dust.
You feel strangely unstable. The fire bat closely misses you.
The fire bat bites you.
* * * LOW HITPOINT WARNING * * *
You are engulfed in flames.
* * * LOW HITPOINT WARNING * * *
The fire elemental hits you. The fire elemental burns you!
You die...

#..............
#..............
#..............
#.............. .
#...###'##########.
###'##......##.....
#...#........#.....
#bbE########.#.....
#.@#☼b....≈#.#.....
#..#..≈≈≈≈.#.'.....
#...#.≈≈≈.§.#.#.....
###+#b≈≈h..####.....
.≈§.○######'###
.≈§.#○S#.....#
≈..##S☼#.....#
#...<.# #.....#


You could see a fire elemental and 2 fire bats.

Vanquished Creatures
  Erica (D:8)
  An elephant (D:8)
  Prince Ribbit (D:5)
  3 wraiths (D:7)
  Sigmund (D:3)
  The ghost of Fandomethor the Ruffian, an amateur TrSh of Fedhas (D:5)
  2 yaks (D:8)
  2 steam dragons
  2 fire bats (D:9)
  Duvessa (D:5)
  2 water moccasins
  An orc warrior (D:8)
  2 black bears
  An ice beast (D:7)
  An ogre (D:5)
  5 centaurs
  3 phantoms (D:5)
  4 bullfrogs (D:8)
  4 scorpions
  6 wights
  Dowan (D:5)
  4 howler monkeys
  3 quasits (D:5)
  3 hounds
  3 jellies
  3 orc priests
  Crazy Yiuf (D:3)
  An orc wizard (D:4)
  3 sleepcaps
  Robin (D:3)
  3 adders
  2 shadow imps (D:6)
  4 dart slugs
  2 ribbon worms
  20 orcs
  6 ball pythons
  4 bats
  4 endoplasms
  A giant cockroach (D:1)
  17 goblins
  10 hobgoblins
  8 jackals
  7 frilled lizards
  10 kobolds
  8 rats
173 creatures vanquished.

Notes
Turn   | Place    | Note
-------+----------+-------------------------------------------
     0 | D:1      | Essalna the Gargoyle Earth Elementalist began the quest for
                  | the Orb.
     0 | D:1      | Reached XP level 1. HP: 10/10 MP: 3/3
    94 | D:1      | Reached XP level 2. HP: 15/15 MP: 0/5
   346 | D:1      | Reached skill level 4 in Earth Magic
   537 | D:1      | Reached XP level 3. HP: 16/19 MP: 3/6
   615 | D:1      | Learned a level 3 spell: Stone Arrow
  1626 | D:2      | Reached XP level 4. HP: 24/24 MP: 6/8
  1916 | D:3      | Noticed Robin
  1959 | D:3      | Killed Robin
  2054 | D:3      | Found a blossoming altar of Fedhas.
  2134 | D:3      | Found a runed translucent door.
  2135 | D:3      | Noticed Crazy Yiuf
  2192 | D:3      | Found a radiant altar of Vehumet.
  2198 | D:3      | Reached XP level 5. HP: 23/28 MP: 3/9
  2203 | D:3      | Became a worshipper of Vehumet
  2365 | D:3      | Noticed Sigmund
  2369 | D:3      | Killed Sigmund
  2370 | D:3      | Reached skill level 5 in Earth Magic
  2370 | D:3      | Reached XP level 6. HP: 32/32 MP: 5/11
  2785 | D:3      | Killed Crazy Yiuf
  2983 | D:4      | Reached skill level 1 in Fighting
  3096 | D:4      | Reached * piety under Vehumet
  3096 | D:4      | Offered knowledge of Magic Dart by Vehumet.
  3108 | D:4      | Reached skill level 6 in Earth Magic
  3108 | D:4      | Reached XP level 7. HP: 38/38 MP: 3/13
  3187 | D:4      | Found a hide-covered altar of Uskayaw.
  3527 | D:5      | Entered Level 5 of the Dungeon
  3527 | D:5      | Noticed Duvessa
  3527 | D:5      | Noticed Dowan
  3730 | D:5      | Noticed Fandomethor's ghost (amateur TrSh)
  3750 | D:5      | Found a transporter.
  3759 | D:5      | Reached skill level 5 in Conjurations
  3796 | D:5      | Found a transporter.
  3866 | D:5      | Noticed Prince Ribbit
  3925 | D:5      | Killed Prince Ribbit
  3926 | D:5      | Reached skill level 7 in Earth Magic
  3926 | D:5      | Reached XP level 8. HP: 40/48 MP: 12/14
  4021 | D:5      | Found a burning altar of Makhleb.
  4102 | D:5      | Found a staircase to the Ecumenical Temple.
  4224 | D:5      | Found Myihuf's Self-Improvement Boutique.
  4425 | D:6      | Reached skill level 5 in Fighting
  4425 | D:6      | Reached skill level 8 in Earth Magic
  4446 | D:6      | Found Eckahaduo's Weapon Emporium.
  4574 | D:6      | Offered knowledge of Kiss of Death by Vehumet.
  4592 | D:6      | Reached ** piety under Vehumet
  4593 | D:6      | Reached XP level 9. HP: 54/55 MP: 11/15
  4812 | D:6      | Found an ancient bone altar of Kikubaaqudgha.
  4887 | D:6      | Found a glowing silver altar of Zin.
  5117 | D:5      | Killed Duvessa
  5129 | D:5      | Killed Dowan
  5130 | D:5      | Reached skill level 1 in Shields
  5130 | D:5      | Reached skill level 9 in Earth Magic
  5254 | D:5      | Killed Fandomethor's ghost
  5562 | D:7      | Reached skill level 1 in Armour
  5698 | D:7      | Noticed a skeletal warrior
  5698 | D:7      | Found the +5 scythe "Finisher" {speed, execute}
  6017 | D:7      | Found Ruaggun's Magic Scroll Boutique.
  6068 | D:7      | Reached XP level 10. HP: 63/63 MP: 4/16
  6229 | D:8      | Noticed Jeremiah
  6233 | D:8      | Noticed Erica
  6239 | D:8      | Killed Erica
  6240 | D:8      | Reached skill level 10 in Earth Magic
  6550 | D:8      | Noticed an elephant
  6586 | D:8      | Killed an elephant
  6733 | D:8      | Offered knowledge of Mephitic Cloud by Vehumet.
  6848 | D:8      | Reached *** piety under Vehumet
  6922 | D:8      | Found a staircase to the Lair.
  7208 | D:9      | Slain by a fire elemental

Illustrated notes

Levels and vault maps discovered:
D:1:      denvon_arrival_planthouse, layout_rooms
D:2:      layout_basic, grunt_ministairs_15
D:3:      layout_rooms, nicolae_vehumet_altar_sigil, overflow_temple_1_default,
          serial_bayou_pond_e, dreamdust_princess_corridor, uniq_sigmund,
          uniq_robin, uniq_crazy_yiuf_cottage
D:4:      layout_rooms, mainiacjoe_overflow_chevrons
D:5:      layout_loops_cross, mainiacjoe_overflow_surrounded_room,
          minmay_temple_entry_glass, gammafunk_ghost_stat_death,
          nicolae_shop_self_help, uniq_prince_ribbit1, uniq_duvessa
D:6:      layout_cave_pools, kennysheep_mini_moat, kiku_gazebo_pond_becter,
          serial_shops, shop, sigmund_army
D:7:      layout_basic, serial_shops, nicolae_shop_rolled_up,
          minmay_guarded_unrand_finisher
D:8:      layout_basic, grunt_lair_entry_orc_guard_hut, uniq_jeremiah,
          uniq_erica
D:9:      layout_gridville, hiddenorc1_lemuel, chequers_serial_rivers_room_a,
          hangedman_incinerator, uniq_pikel

Skill      XL: |  1  2  3  4  5  6  7  8  9 10 |
---------------+-------------------------------+-----
Earth Magic    | 4 5 6 7 8 9 10 | 10.7
Conjurations   | 2 3 4 5 7 8 |  8.0
Spellcasting   | 3 4 |  4.0
Fighting       | 1 3 5 7 8 |  8.2
Shields        | 3 4 |  4.0
Armour         | 2 4 |  4.5
Dodging        | 2 3 |  3.8
Stealth        | |  2.1

Action                     |  1- 3 |  4- 6 |  7- 9 | 10-12 || total
---------------------------+-------+-------+-------+-------++-------
  Melee: Unarmed           |     9 |       |       |       ||     9
         Punch             |     1 |       |       |       ||     1
         Short sword       |     6 |    19 |     1 |    10 ||    36
   Cast: Sandblast         |    62 |    58 |   162 |    37 ||   319
         Stone Arrow       |       |     1 |    16 |    16 ||    33
    Use: Scroll            |       |       |     6 |     2 ||     8
         Potion            |       |       |     1 |       ||     1
 Armour: Robe              |    37 |    28 |    45 |       ||   110
         Steam dragon scal |       |       |    25 |    39 ||    64
  Dodge: Dodged            |    22 |    20 |    64 |    19 ||   125
         Repelled          |     4 |       |       |       ||     4
  Block: Buckler           |       |       |     9 |     8 ||    17

Table legend: (Time is in decaauts)
 A = Elapsed time spent in this place.
 B = Non-inter-level travel time spent in this place.
 C = Inter-level travel time spent in this place.
 D = Time resting spent in this place.
 E = Time spent auto-exploring this place.
 F = Levels seen in this place.
 G = Mean time per level.
                   A        B        C        D        E       F      G
               +--------+--------+--------+--------+--------+-----+--------+
         Total |   7378 |   6745 |    633 |     71 |   5410 |   9 |  819.8 |
       Dungeon |   7378 |   6745 |    633 |     71 |   5410 |   9 |  819.8 |
               +--------+--------+--------+--------+--------+-----+--------+

Top non-repeatable levels by time:
     D:5: 1134 daAuts
     D:3: 1079 daAuts
     D:8: 975 daAuts
     D:2: 939 daAuts
     D:1: 908 daAuts
     D:7: 891 daAuts
     D:4: 724 daAuts
     D:6: 687 daAuts
     D:9: 37 daAuts
